 Dungeon Crawl Stone Soup version 0.28-a0-674-gdaf460b524 (webtiles) character file.

Game seed: 15201445942757902984

77 siradein the Skirmisher (level 4, -6/35 HPs)
             Began as a Demonspawn Fighter on Oct 18, 2021.
             Killed from afar by Ijyb (13 damage)
             ... with a bolt of acid
             ... on level 3 of the Dungeon.
             The game lasted 00:04:16 (2455 turns).

siradein the Skirmisher (Demonspawn Fighter)        Turns: 2455, Time: 00:04:17

Health: -6/35      AC:  8    Str: 18    XL:     4   Next: 13%
Magic:  4/4        EV: 13    Int:  9    God:
Gold:   106        SH:  8    Dex: 12    Spells: 3/3 levels left

rFire   . . .      SeeInvis .   a - +0 long sword
rCold   . . .      Faith    .   c - +0 buckler
rNeg    . . .      Spirit   .   b - +0 scale mail
rPois   +          Reflect  .   n - +0 helmet
rElec   .          Harm     .   (no cloak)
rCorr   .          Rampage  .   (no gloves)
Will    .....                   (no boots)
Stlth   ..........              (no amulet)
HPRegen 0.11/turn               h - ring of poison resistance
MPRegen 0.09/turn               k - +4 ring of evasion

@: no status effects
A: large bone plates 1, demonic touch 1
a: no special abilities


You were on level 3 of the Dungeon.
You visited 1 branch of the dungeon, and saw 3 of its levels.

You collected 106 gold pieces.

Inventory:

Hand Weapons
 a - a +0 long sword (weapon)
Missiles
 e - 13 poisoned darts (quivered)
 q - 6 boomerangs
Armour
 b - a +0 scale mail (worn)
 c - a +0 buckler (worn)
 n - a +0 helmet (worn)
Jewellery
 h - a ring of poison resistance (left hand)
 k - a +4 ring of evasion (right hand)
 l - a +6 ring of intelligence
Scrolls
 f - 2 scrolls of blinking {unknown}
 g - a scroll of fog {unknown}
 p - a scroll of summoning {unknown}
Potions
 d - 3 potions of might
 i - a potion of attraction {unknown}
 j - a potion of haste {unknown}
 m - a potion of flight {unknown}
 o - a potion of heal wounds {unknown}
 r - a potion of resistance {unknown}


   Skills:
 + Level 3.5 Fighting
 + Level 2.5 Long Blades
 + Level 3.2 Armour
 + Level 3.2 Shields


You had 3 spell levels left.
You didn't know any spells.
Your spell library contained the following spells:

 Spells                   Type           Power      Damage    Failure   Level
 Apportation              Tloc           0%         N/A       80%         1
 Summon Small Mammal      Summ           0%         N/A       80%         1
 Call Canine Familiar     Summ           0%         N/A       99%         3
 Summon Guardian Golem    Hex/Summ       0%         N/A       99%         3


Dungeon Overview and Level Annotations

Branches:
Dungeon (3/15)

Altars:
Vehumet

Annotations:
D:3 Ijyb


Innate Abilities, Weirdness & Mutations

You are partially covered in large bone plates. (SH +4)
Your touch may inflict minor irresistible damage on your foes.


Message History

a +0 short sword; 3 stones
r - a metallic puce potion Ijyb the Twisted Goblin comes into view.
She is wielding a +0 club and carrying a wand of acid (11).
Ijyb is nearby!
Ijyb is nearby!
Ijyb is nearby!
You start waiting.
Ijyb is nearby!
You miss Ijyb.
Ijyb zaps a wand.
The bolt of acid hits you!!
Ouch! That really hurt!
* * * LOW HITPOINT WARNING * * *
You are too injured to fight recklessly!
You hit Ijyb.
Ijyb is lightly wounded.
Ijyb zaps a wand.
The bolt of acid misses you. You block Ijyb's attack.
You hit Ijyb.
Ijyb is heavily wounded.
You block Ijyb's attack.
You barely miss Ijyb.
Ijyb is moderately wounded.
Ijyb hits you with a +0 club.
* * * LOW HITPOINT WARNING * * *
You closely miss Ijyb.
Ijyb is moderately wounded.
You block Ijyb's attack. Ijyb completely misses you.
You barely miss Ijyb.
Ijyb is moderately wounded.
You block Ijyb's attack.
You hit Ijyb.
Ijyb is heavily wounded.
Ijyb screams, "Get away!"
Ijyb closely misses you.
You hit Ijyb but do no damage.
Ijyb is heavily wounded.
You block Ijyb's attack.
You hit Ijyb but do no damage.
Ijyb is heavily wounded.
Ijyb zaps a wand.
The bolt of acid misses you.
Ijyb zaps a wand.
The bolt of acid hits you!
You die...

#..# #..# ... #..# #.# #
#..# #.# #.#.<# #.#
#####.#..###.#.#
.......g.....#.#
##########@######.###
+...................#####
###.......######.......#
#.............#.......#
#.....)..##†#.#.......#
§...°......##.# #.......#
..○§.......##.# #.#'#####
..○☼§......##.#.#.#.#
.○.☼..#######.#.#.#.#


You could see Ijyb.

Vanquished Creatures
  A hound skeleton (D:2)
  A gnoll (D:1)
  A worm (D:2)
  A dart slug (D:3)
  4 ball pythons (D:1)
  4 bats (D:1)
  4 endoplasms (D:1)
  3 giant cockroaches (D:2)
  2 goblins
  4 hobgoblins
  4 jackals (D:1)
  6 kobolds
  A quokka (D:1)
  6 frilled lizards
  6 rats
48 creatures vanquished.

Notes
Turn   | Place    | Note
-------+----------+-------------------------------------------
     0 | D:1      | siradein the Demonspawn Fighter began the quest for the
                  | Orb.
     0 | D:1      | Reached XP level 1. HP: 18/18 MP: 1/1
    75 | D:1      | Gained mutation: You are partially covered in large bone
                  | plates. (SH +4) [demonic ancestry]
    75 | D:1      | Reached XP level 2. HP: 5/24 MP: 2/2
   970 | D:1      | Gained mutation: Your touch may inflict minor irresistible
                  | damage on your foes. [demonic ancestry]
   970 | D:1      | Reached XP level 3. HP: 24/29 MP: 3/3
  1247 | D:1      | Found a faded altar of an unknown god.
  1295 | D:1      | Got Plato's Handbook of the Compass
  1878 | D:2      | Reached XP level 4. HP: 24/35 MP: 4/4
  2404 | D:3      | Found a radiant altar of Vehumet.
  2439 | D:3      | Noticed Ijyb
  2455 | D:3      | Killed from afar by Ijyb

Illustrated notes

Levels and vault maps discovered:
D:1:      lightli_arrival_maybe_door_vault, layout_basic,
          shapermc_ecumenical_altar_rom_forum, minmay_crystal_room,
          wander_ebering_terrifying_dragon_lair
D:2:      layout_loops_ring, grunt_ministairs_12
D:3:      layout_basic, fiery_altar_vehumet, uniq_robin, uniq_ijyb, uniq_jessica

Skill      XL: |  1  2 |
---------------+-------+-----
Long Blades    | 2 |  2.5
Armour         | 3 |  3.2
Shields        | 3 |  3.2
Fighting       | |  3.5

Action                   |  1- 3 |  4- 6 || total
-------------------------+-------+-------++-------
Melee: Long sword        |   114 |    22 ||   136
Armor: Scale mail        |    46 |     4 ||    50
Dodge: Dodged            |    54 |    11 ||    65
Block: Buckler           |    41 |     9 ||    50

Table legend: (Time is in decaauts)
 A = Elapsed time spent in this place.
 B = Non-inter-level travel time spent in this place.
 C = Inter-level travel time spent in this place.
 D = Time resting spent in this place.
 E = Time spent auto-exploring this place.
 F = Levels seen in this place.
 G = Mean time per level.
                   A        B        C        D        E       F      G
               +--------+--------+--------+--------+--------+-----+--------+
         Total |   2496 |   2443 |     53 |      6 |   2083 |   3 |  832.0 |
       Dungeon |   2496 |   2443 |     53 |      6 |   2083 |   3 |  832.0 |
               +--------+--------+--------+--------+--------+-----+--------+

Top non-repeatable levels by time:
     D:1: 1505 daAuts
     D:2: 891 daAuts
     D:3: 99 daAuts
